 Dungeon Crawl Stone Soup version 0.25-a0-464-g3004169c2b (webtiles) character file.

Game seed: 4501851993988245509, levelgen mode: deterministic

111157 insidiousKiller the Impaler (level 16, -13/109 HPs)
             Began as an Octopode Fighter on Feb 5, 2020.
             Was the Champion of Hepliaklqana.
             Mangled by a naga warrior
             ... wielding a +0 dire flail
              (20 damage)
             ... on level 3 of the Snake Pit.
             The game lasted 02:25:42 (41166 turns).

insidiousKiller the Impaler (Octopode Fighter)     Turns: 41166, Time: 02:25:42

Health: -13/109    AC:  3    Str: 17    XL:     16   Next: 57%
Magic:  0/25       EV: 17    Int: 22    God:    Hepliaklqana [******]
Gold:   1713       SH: 14    Dex: 13    Spells: 6/27 levels left

rFire    + + .     SeeInvis +   O - +1 trident (flame)
rCold    . . .     Gourm    .   b - +1 shield
rNeg     . . .     Faith    .   B - +0 hat {Int+3}
rPois    +         Spirit   +   w - amulet of guardian spirit
rElec    .         Reflect  .   y - +2 ring of intelligence
rCorr    .         Harm     .   F - ring of poison resistance
MR       +....     Clarity  +   I - ring of see invisible
Stlth    ++........             K - +3 ring of intelligence
HPRegen  0.28/turn              Q - ring of wizardry
MPRegen  0.19/turn              R - ring of protection from fire
                                q - +1 ring of evasion
                                X - ring of protection from fire

@: lethally poisoned (-13 -> -13), about to teleport, constricted
A: almost no armour, stealthy swim, amphibious, 8 rings, constrict 8, reduced
essence, iridescent scales 1, camouflage 1, clarity, robust 1, gelatinous body
1, MP-powered wands
a: Recall Ancestor, Ancestor Identity, Transference, Idealise, Renounce Religion


You were on level 3 of the Snake Pit.
You worshipped Hepliaklqana.
Hepliaklqana was exalted by your worship.
You were not hungry.

You visited 5 branches of the dungeon, and saw 26 of its levels.
You visited the Abyss 1 time.
You also visited: Ossuary.

You collected 2773 gold pieces.
You spent 1060 gold pieces at shops.

Inventory:

Hand Weapons
 a - a +3 glaive of electrocution
 O - a +1 trident of flaming (weapon)
Missiles
 l - 3 datura-tipped darts (quivered)
 A - 5 silver javelins
Armour
 b - a +1 shield (worn)
 B - a +0 hat of intelligence (worn)
Jewellery
 q - a +1 ring of evasion (on tentacle)
 w - an amulet of guardian spirit (around mantle)
 y - a +2 ring of intelligence (left tentacle)
 D - an uncursed ring of ice
 F - a ring of poison resistance (right tentacle)
 I - a ring of see invisible (on tentacle)
 K - a +3 ring of intelligence (on tentacle)
 Q - a ring of wizardry (on tentacle)
 R - a ring of protection from fire (on tentacle)
 V - an uncursed ring of flight
 X - a ring of protection from fire (on tentacle)
Wands
 o - a wand of disintegration (18)
 p - a wand of digging (10)
 s - a wand of flame (31)
 u - a wand of polymorph (31)
 L - a wand of random effects (25)
 S - a wand of enslavement (4)
Scrolls
 e - 3 scrolls of immolation
 h - 21 scrolls of remove curse
 i - 8 scrolls of teleportation
 j - a scroll of blinking
 k - 3 scrolls of enchant armour
 m - a scroll of brand weapon
 n - 5 scrolls of identify
 r - 6 scrolls of magic mapping
 v - 4 scrolls of enchant weapon
 N - 2 scrolls of holy word
 T - 2 scrolls of fog
Potions
 c - 2 potions of might
 f - a potion of flight
 g - a potion of resistance
 t - 3 potions of agility
 x - 3 potions of brilliance
 z - a potion of invisibility
 C - 2 potions of curing
 E - 4 potions of lignification
 G - a potion of cancellation
 J - 3 potions of ambrosia
 M - 2 potions of magic
 W - 2 potions of haste
Comestibles
 d - 49 rations


   Skills:
 - Level 10.0 Fighting
 - Level 16.2 Polearms
   Level 2.6(11.2) Staves
 - Level 10.6 Dodging
 + Level 13.9 Shields
 - Level 6.0 Spellcasting
 - Level 1.4 Conjurations
 - Level 2.6 Charms
 - Level 1.7 Translocations
 - Level 1.3 Transmutations
 - Level 1.3 Ice Magic
 - Level 3.2 Air Magic
 - Level 9.3 Poison Magic
 - Level 6.5 Invocations
 - Level 5.8 Evocations


You had 6 spell levels left.
You knew the following spells:

 Your Spells              Type           Power        Failure   Level  Hunger
a - Mephitic Cloud        Conj/Pois/Air  ####....     1%          3    #......
b - Apportation           Tloc           ##....       1%          1    None
c - Poisonous Vapours     Pois/Air       ####..       1%          2    None
d - Ozocubu's Armour      Chrm/Ice       ###.....     6%          3    #......
e - Alistair's Intoxicat  Tmut/Pois      ####....     13%         5    #####..
f - Ignite Poison         Fire/Tmut/Pois ###.....     3%          3    #......
g - Olgreb's Toxic Radia  Pois           #####...     1%          4    ###....

Your spell library contained the following spells:

 Spells                   Type           Power        Failure   Level  Hunger
 Sting                    Tmut/Pois      ####         1%          1    None
 Beastly Appendage        Tmut           ##....       2%          1    None
 Freeze                   Ice            ##..         2%          1    None
 Animate Skeleton         Necr           N/A          4%          1    None
 Corona                   Hex            #......      4%          1    None
 Summon Small Mammal      Summ           #...         4%          1    None
 Ensorcelled Hibernation  Hex/Ice        #.....       4%          2    None
 Passwall                 Tmut/Erth      #.......     4%          2    None
 Sublimation of Blood     Necr           #.........   6%          2    None
 Conjure Flame            Conj/Fire      #.......     10%         3    #......
 Vampiric Draining        Necr           #.........   12%         3    #......
 Hailstorm                Conj/Ice       ##......     24%         4    ###....
 Petrify                  Tmut/Erth      #.......     30%         4    ###....
 Summon Ice Beast         Ice/Summ       #.......     30%         4    ###....
 Dispel Undead            Necr           #.......     38%         4    ###....
 Irradiate                Conj/Tmut      ##........   52%         5    #####..
 Fireball                 Conj/Fire      #.........   61%         5    #####..
 Lee's Rapid Deconstruct  Erth           #.........   71%         5    #####..
 Freezing Cloud           Conj/Ice/Air   ###.......   93%         6    ######.
 Starburst                Conj/Fire      #.........   99%         6    ######.
 Statue Form              Tmut/Erth      #........    99%         6    ######.
 Ring of Flames           Chrm/Fire      ##........   100%        7    #######
 Ignition                 Fire           #.........   100%        8    #######


Dungeon Overview and Level Annotations

Branches:
Dungeon (14/15)            Temple (1/1) D:6            Lair (6/6) D:8
 Shoals (0/4) Lair:4        Snake (3/4) Lair:3        Slime (0/5) Lair:5
    Orc (2/2) D:10            Elf (0/3) Orc:2        Vaults (0/5) D:13
Ossuary (visited)

Altars:
Ashenzari
Elyvilon
Fedhas
Gozag
Hepliaklqana
Kikubaaqudgha
Makhleb
Nemelex Xobeh
Okawaru
Qazlal
Ru
Trog
Wu Jian
Xom
The Shining One
Beogh

Shops:
D:6 ?   Orc:2 ??([   Snake:1 !   Snake:3 %

Portals:
Trove: D:10 (show slimy rune of Zot)

Annotations:
D:11 ReteAZ's ghost, journeyman GnWn; Suel's ghost, journeyman GrEE
D:13 3 runed translucent doors, TimeIsEndless's ghost, journeyman GnFi
Lair:5 exclusion: 2 oklob plants
Lair:6 exclusion: oklob plant


Innate Abilities, Weirdness & Mutations

You cannot wear most types of armour.
You are very stealthy in the water. (Stealth+)
You are amphibious.
You can wear up to eight rings at the same time.
You can use your tentacles to constrict eight enemies at once.
Your skin changes colour to match your surroundings (Stealth+).
Your rubbery body absorbs attacks. (AC +1, EV +1)
Your life essence is reduced to manifest your ancestor. (-10% HP)
You are partially covered in iridescent scales. (AC +2)
You possess an exceptional clarity of mind.
You are robust. (+10% HP)
You expend magic power (3 MP) to strengthen your wands.


Message History

The naga warrior grabs you.
* * * LOW HITPOINT WARNING * * *
The naga warrior constricts you.
Things that are here:
a +0 club; a cursed -2 hand axe
Okay, then.
You barely miss the guardian serpent.
The guardian serpent is heavily wounded.
The guardian serpent misses you. The guardian serpent hits you!
* * * LOW HITPOINT WARNING * * *
Ghost Dog closely misses the guardian serpent.
Ghost Dog hits the nagaraja with a +0 broad axe of flaming!!
Ghost Dog burns the nagaraja.
The nagaraja hits Ghost Dog but does no damage.
As you read the scroll of teleportation, it crumbles to dust.
You feel strangely unstable.
You feel sick. The guardian serpent barely misses you.
The guardian serpent hits you!!
* * * LOW HITPOINT WARNING * * *
The naga warrior hits you with a +0 dire flail!!
You die...

......)..............
.....................
##..............####
##...##.........#
########.......#
###.....## .###..N§#
...####R# ≈....)S@#
≈≈...)SN#
.≈...!..†.S...#
≈≈...........[#
≈.............#
...####.......# # .##
####....# ##
############....
.########.........#
....


You could see the friendly Ghost Dog the knight, a naga warrior, a nagaraja and
2 guardian serpents.

Vanquished Creatures
  Nikola (Snake:3)
  Frances (D:12)
  Gastronok (Lair:2)
  A nagaraja (Snake:2)
  An orc warlord (Orc:2)
  Aizul (Snake:1)
  A fire dragon (Lair:3)
  Fannar (Lair:3)
  3 naga warriors
  2 hydras
  2 anacondas
  A centaur warrior (D:13)
  A two-headed ogre (D:10)
  A catoblepas (Lair:2)
  The ghost of Fieqaj the Destroyer, a journeyman TeCj of Vehumet (D:11)
  4 death yaks
  A naga sharpshooter (Snake:1)
  4 shock serpents
  A naga ritualist (Snake:2)
  An orc knight (Orc:2)
  3 orc sorcerers
  8 ugly things
  4 mana vipers
  4 salamanders
  4 cyclopes
  7 naga magi
  A centaur zombie (D:14)
  2 guardian serpents (Snake:2)
  18 black mambas
  9 spiny frogs
  3 rime drakes
  11 komodo dragons
  7 polar bears (Lair:6)
  A tengu conjurer (D:14)
  5 trolls
  A hornet (D:14)
  6 slime creatures
  A raiju (Lair:6)
  12 blink frogs
  4 hippogriffs
  4 dream sheep (Lair:5)
  2 centaur simulacra (D:14)
  A fire elemental (Lair:3)
  22 yaks
  2 wyverns
  2 basilisks
  Eustachio (D:4)
  4 steam dragons
  2 hungry ghosts
  10 nagas
  6 wargs
  6 water moccasins
  2 acid dragons
  Duvessa (D:7)
  12 hell hounds (Lair:6)
  10 porcupines
  3 sky beasts
  A swamp drake (Lair:6)
  2 ice beasts (D:9)
  20 orc warriors
  10 black bears (Lair:6)
  8 ogres
  A phantom (D:7)
  A necrophage (D:8)
  15 wolves (Lair:6)
  7 centaurs
  9 crocodiles
  A big kobold (D:14)
  19 bullfrogs
  Dowan (D:7)
  A water moccasin skeleton (D:12)
  A scorpion (D:12)
  6 wights
  An electric eel (D:13)
  4 crimson imps
  2 bullfrog zombies
  2 wyvern simulacra (D:14)
  18 orc priests
  5 hounds
  4 jellies
  A bullfrog skeleton (D:11)
  Ijyb (D:3)
  5 iguanas
  Terence (D:3)
  9 worker ants
  Natasha (thrice) (D:3)
  23 orc wizards
  A big kobold zombie (Ossuary)
  2 hound zombies
  9 mummies
  A worker ant zombie (D:6)
  8 gnolls
  9 adders
  A river rat (D:8)
  2 shadow imps
  3 white imps (D:14)
  An ufetubus (D:14)
  4 oozes
  2 adder skeletons
  6 worms
  4 dart slugs
  7 leopard geckos
  85 orcs
  2 giant cockroaches
  9 goblins
  10 hobgoblins
  2 jackals
  7 kobolds
  2 quokkas (D:8)
  8 bats
  3 frilled lizards (D:1)
  A giant cockroach zombie (D:6)
  4 hobgoblin zombies
  A jackal skeleton (D:5)
  3 kobold zombies
  A leopard gecko skeleton (D:4)
  2 orc zombies (Ossuary)
  A quokka zombie (D:7)
  13 rats
  3 fungi
  A plant (Lair:6)
631 creatures vanquished.

Vanquished Creatures (collateral kills)
  A fire dragon (Lair:6)
  The ghost of astraldaughter the Thrower, a journeyman GnHu of Okawaru (D:11)
  A hydra (Lair:6)
  4 naga warriors
  3 anacondas
  A two-headed ogre (D:13)
  A centaur warrior (D:14)
  A tengu warrior (D:14)
  2 orc high priests (Orc:2)
  A naga sharpshooter (Snake:3)
  A shock serpent (Snake:3)
  A naga ritualist (Snake:2)
  A swamp dragon (Lair:6)
  An unseen horror (D:10)
  A cyclops (D:11)
  A manticore (D:11)
  A mana viper (Snake:1)
  2 salamanders
  9 black mambas
  A centaur zombie (D:11)
  5 naga magi
  3 rime drakes
  2 spiny frogs
  3 komodo dragons
  A troll (D:12)
  3 hippogriffs
  A hornet (D:11)
  2 blink frogs
  6 polar bears
  2 slime creatures
  A dream sheep (Lair:5)
  A shadow (D:12)
  20 yaks
  A basilisk (Lair:4)
  A hog (shapeshifter) (D:13)
  2 wyverns
  5 wargs
  8 nagas
  5 water moccasins
  5 porcupines
  6 orc warriors
  4 hell hounds (Lair:6)
  3 phantoms
  2 black bears
  An ice beast (D:14)
  3 ogres
  A necrophage (D:9)
  A sky beast (D:9)
  4 wolves (Lair:6)
  4 centaurs
  3 crocodiles
  A big kobold (D:13)
  2 bullfrogs
  A wyvern zombie (D:12)
  A wyvern skeleton (D:13)
  3 wights (D:9)
  3 electric eels
  3 crimson imps
  2 bullfrog skeletons
  A bullfrog zombie (D:11)
  A hound (D:14)
  3 orc priests
  5 orc wizards
  A worker ant (D:13)
  An adder (D:11)
  A shadow imp (D:11)
  2 white imps (D:14)
  An ufetubus (D:14)
  An adder zombie (D:7)
  22 orcs
  A quokka skeleton (D:7)
  A rat (D:8)
201 creatures vanquished.

Vanquished Creatures (others)
  An anaconda (Snake:2)
  A salamander mystic (Snake:2)
  A steam dragon (D:10)
  A naga (Snake:2)
  28 knights
  10 ancestors
  7 fungi
  14 plants
63 creatures vanquished.

Grand Total: 895 creatures vanquished

Notes
Turn   | Place    | Note
-------+----------+-------------------------------------------
     0 | D:1      | insidiousKiller the Octopode Fighter began the quest for
                  | the Orb.
     0 | D:1      | Reached XP level 1. HP: 16/16 MP: 1/1
    32 | D:1      | Reached XP level 2. HP: 6/21 MP: 2/2
   360 | D:1      | Reached skill level 3 in Polearms
   415 | D:1      | Reached XP level 3. HP: 24/26 MP: 3/3
  1153 | D:2      | Reached skill level 4 in Polearms
  1373 | D:2      | Reached XP level 4. HP: 24/31 MP: 4/4
  1801 | D:3      | Noticed Ijyb
  1815 | D:3      | Killed Ijyb
  1815 | D:3      | Reached skill level 5 in Polearms
  1815 | D:3      | Reached XP level 5. HP: 35/36 MP: 5/5
  2020 | D:3      | Reached skill level 6 in Polearms
  2242 | D:3      | Reached XP level 6. HP: 41/42 MP: 6/6
  2321 | D:3      | Noticed Natasha
  2329 | D:3      | Killed Natasha
  2455 | D:3      | Noticed Terence
  2460 | D:3      | Killed Terence
  2586 | D:3      | Noticed Natasha
  2597 | D:3      | Killed Natasha
  2625 | D:3      | Noticed Natasha
  2640 | D:3      | Killed Natasha
  2864 | D:4      | Reached skill level 7 in Polearms
  2955 | D:4      | Reached XP level 7. HP: 46/46 MP: 7/7
  3116 | D:4      | Found a shimmering altar of Xom.
  3120 | D:4      | Noticed Eustachio
  3417 | D:4      | Killed Eustachio
  3665 | D:5      | Entered Level 5 of the Dungeon
  3875 | D:5      | Reached skill level 5 in Fighting
  3884 | D:5      | HP: 2/50 [sky beast (5)]
  3885 | D:5      | Reached XP level 8. HP: 2/57 MP: 0/8
  3982 | D:5      | Found a sand-covered staircase.
  3985 | D:5      | HP: 2/57 [mummy (14)]
  4016 | Ossuary  | Entered an ossuary
  4771 | D:5      | Found an ornate altar of the Wu Jian Council.
  4772 | D:5      | Found a blossoming altar of Fedhas.
  4822 | D:5      | Found a stormy altar of Qazlal.
  5492 | D:6      | Reached skill level 5 in Dodging
  5859 | D:6      | Found a white marble altar of Elyvilon.
  6042 | D:6      | Found Icudwiwo's Magic Scroll Boutique.
  6065 | D:6      | Reached XP level 9. HP: 12/62 MP: 9/9
  6184 | D:6      | Found a staircase to the Ecumenical Temple.
  6191 | Temple   | Entered the Ecumenical Temple
  6219 | Temple   | Became a worshipper of Hepliaklqana the Forgotten
  6900 | D:7      | Reached skill level 8 in Polearms
  6939 | D:7      | Reached * piety under Hepliaklqana
  7001 | D:7      | Noticed Duvessa
  7001 | D:7      | Noticed Dowan
  7022 | D:7      | Killed Dowan
  7033 | D:7      | Killed Duvessa
  7046 | D:7      | Reached skill level 9 in Polearms
  7415 | D:8      | Found an iron altar of Okawaru.
  7485 | D:8      | Noticed a death yak
  7485 | D:8      | Noticed a death yak
  7497 | D:8      | Noticed a death yak
  7513 | D:8      | Found a staircase to the Lair.
  7641 | D:8      | Reached skill level 10 in Polearms
  7773 | D:7      | Killed a death yak
  7773 | D:7      | Reached skill level 5 in Shields
  7773 | D:7      | Reached XP level 10. HP: 59/61 MP: 10/10
  8052 | D:7      | Killed a death yak
  8249 | D:7      | Killed a death yak
  8419 | D:8      | Found a sparkling altar of Nemelex Xobeh.
  8526 | D:8      | Found a sacrificial altar of Ru.
  9120 | D:9      | Reached ** piety under Hepliaklqana
  9121 | D:9      | Remembered your ancestor Ghost Dog as a knight
  9343 | D:9      | Found a glowing golden altar of the Shining One.
  9520 | D:9      | Reached skill level 11 in Polearms
  9623 | D:10     | Entered Level 10 of the Dungeon
  9844 | D:10     | Reached XP level 11. HP: 61/64 MP: 7/11
  9996 | D:10     | Found a staircase to the Orcish Mines.
 10019 | D:10     | Identified the +7 falchion "Killer Bee's Bane" {vorpal,
                  | +Fly Stlth+}
 10043 | D:10     | Learned a level 3 spell: Mephitic Cloud
 10155 | D:10     | Found a portal to a secret trove of treasure.
 10160 | D:10     | Reached *** piety under Hepliaklqana
 10345 | D:10     | Noticed an unseen horror
 10353 | D:10     | Killed an unseen horror
 11012 | D:10     | Reached skill level 1 in Conjurations
 11012 | D:10     | Reached skill level 1 in Air Magic
 11141 | D:11     | Reached skill level 1 in Spellcasting
 11200 | D:11     | Noticed a cyclops
 11375 | D:11     | Killed a cyclops
 11460 | D:11     | Reached skill level 5 in Poison Magic
 11652 | D:11     | Learned a level 1 spell: Apportation
 11655 | D:11     | Learned a level 2 spell: Poisonous Vapours
 11738 | D:11     | Noticed a two-headed ogre
 11739 | D:11     | Noticed a manticore
 11781 | D:10     | Killed a two-headed ogre
 12116 | D:11     | Noticed a cyclops
 12200 | D:11     | Killed a cyclops
 12464 | D:11     | Killed a manticore
 12709 | D:11     | Found a runed translucent gate.
 12709 | D:11     | Found a runed translucent gate.
 12709 | D:11     | Found a runed translucent gate.
 12711 | D:11     | Noticed astraldaughter's ghost (journeyman GnHu)
 12711 | D:11     | Noticed Fieqaj's ghost (journeyman TeCj)
 12712 | D:11     | Noticed Suel's ghost (journeyman GrEE)
 12713 | D:11     | Noticed ReteAZ's ghost (journeyman GnWn)
 12826 | D:11     | Reached XP level 12. HP: 72/72 MP: 18/18
 13562 | D:11     | Killed astraldaughter's ghost
 13654 | D:11     | Identified the Incunabulum of Unholy Flames
 13705 | D:12     | Noticed a five-headed hydra
 13714 | D:12     | Noticed Frances
 13727 | D:11     | HP: 2/75 [Fieqaj's ghost/the air (16)]
 14086 | Orc:1    | Entered Level 1 of the Orcish Mines
 14262 | D:10     | Reached skill level 1 in Invocations
 14722 | Orc:1    | Gained mutation: You are partially covered in iridescent
                  | scales. (AC +2) [potion of mutation]
 14722 | Orc:1    | Gained mutation: You possess an exceptional clarity of
                  | mind. [potion of mutation]
 14722 | Orc:1    | Gained mutation: You are robust. (+10% HP) [potion of
                  | mutation]
 14722 | Orc:1    | Gained mutation: You expend magic power (3 MP) to
                  | strengthen your wands. [potion of mutation]
 15083 | D:6      | Bought a scroll of brand weapon for 280 gold pieces
 15083 | D:6      | Bought 3 scrolls of identify for 84 gold pieces
 15083 | D:6      | Bought a scroll of fear for 49 gold pieces
 15083 | D:6      | Bought a scroll of blinking for 105 gold pieces
 15238 | Orc:1    | Found a bloodstained altar of Trog.
 15291 | Orc:2    | Entered Level 2 of the Orcish Mines
 15359 | Orc:2    | Found a roughly hewn altar of Beogh.
 15730 | Orc:2    | Reached skill level 12 in Polearms
 15857 | Orc:2    | Found a roughly hewn altar of Beogh.
 15857 | Orc:2    | Found Ryitriz's Magic Scroll Emporium.
 15865 | Orc:2    | Bought a scroll of fear for 38 gold pieces
 16114 | Orc:2    | Found a roughly hewn altar of Beogh.
 16118 | Orc:2    | Found a staircase to the Elven Halls.
 16156 | Orc:2    | Found a roughly hewn altar of Beogh.
 16301 | Orc:2    | Noticed an orc high priest
 16317 | Orc:2    | Noticed an orc warlord
 16324 | Orc:2    | Killed an orc high priest
 17314 | Orc:2    | Killed an orc warlord
 17314 | Orc:2    | Reached skill level 5 in Invocations
 17425 | Orc:2    | Found Waapluy's Antique Weapon Boutique.
 17426 | Orc:2    | Found a roughly hewn altar of Beogh.
 17427 | Orc:2    | Found Gonneul's Antique Armour Shop.
 17496 | Orc:2    | Reached **** piety under Hepliaklqana
 17512 | Orc:2    | Found a roughly hewn altar of Beogh.
 17614 | Orc:2    | Found a roughly hewn altar of Beogh.
 17624 | Orc:2    | Reached XP level 13. HP: 85/89 MP: 17/19
 17659 | Orc:2    | Found a roughly hewn altar of Beogh.
 17706 | Orc:2    | Found a roughly hewn altar of Beogh.
 17718 | Orc:2    | Found Ryz Fae's Magic Scroll Boutique.
 18444 | Lair:1   | Entered Level 1 of the Lair of Beasts
 18847 | Lair:1   | Reached skill level 1 in Translocations
 19158 | Lair:1   | Reached skill level 13 in Polearms
 19996 | Lair:2   | Noticed Gastronok
 20016 | Lair:2   | Killed Gastronok
 20028 | Lair:2   | Reached skill level 14 in Polearms
 21386 | Lair:3   | Noticed Fannar
 21394 | Lair:3   | Killed Fannar
 21691 | Lair:3   | Reached skill level 15 in Polearms
 21756 | Lair:3   | Reached ***** piety under Hepliaklqana
 21792 | Lair:3   | Reached XP level 14. HP: 76/95 MP: 17/20
 21960 | Lair:3   | Found a staircase to the Snake Pit.
 23133 | Lair:3   | Identified the Volume of Changing and Venom
 23663 | Lair:4   | Reached skill level 10 in Dodging
 24203 | Lair:4   | Found a staircase to the Shoals.
 24221 | Lair:4   | Reached skill level 10 in Shields
 24812 | Lair:4   | Learned a level 3 spell: Ozocubu's Armour
 24974 | Lair:5   | Found a staircase to the Slime Pits.
 25262 | Lair:5   | Reached skill level 1 in Staves
 25262 | Lair:5   | Reached skill level 1 in Charms
 26042 | Lair:6   | Entered Level 6 of the Lair of Beasts
 26405 | Lair:6   | Identified the Disquisition on Frigorific Stones
 26413 | Lair:6   | Learned a level 5 spell: Alistair's Intoxication
 26484 | Lair:6   | Reached skill level 1 in Transmutations
 26484 | Lair:6   | Reached skill level 1 in Ice Magic
 27041 | Lair:6   | Reached skill level 10 in Fighting
 27276 | Lair:6   | Reached skill level 1 in Evocations
 28219 | Lair:6   | Reached skill level 5 in Evocations
 28312 | Lair:6   | Got a shimmering rapier
 28763 | D:11     | Killed Fieqaj's ghost
 29277 | D:12     | Reached XP level 15. HP: 103/103 MP: 21/21
 30137 | D:12     | Cast into level 3 of the Abyss (Frances)
 30174 | Abyss:3  | Noticed a bone dragon
 30178 | D:12     | Escaped the Abyss
 30180 | D:12     | Killed Frances
 30346 | D:12     | Identified the +7 rapier of Misery {vorpal, *Contam Str+4
                  | Dex+8} (You found it on level 6 of the Lair of Beasts)
 30611 | D:13     | Found a runed translucent gate.
 30611 | D:13     | Found a runed translucent gate.
 30612 | D:13     | Found a runed translucent gate.
 30616 | D:13     | Noticed TimeIsEndless's ghost (journeyman GnFi)
 31083 | D:13     | Found a gate to the Vaults.
 31089 | D:13     | Reached ****** piety under Hepliaklqana
 32634 | D:14     | Learned a level 3 spell: Ignite Poison
 34031 | Snake:1  | Entered Level 1 of the Snake Pit
 34031 | Snake:1  | Noticed Aizul
 34071 | Snake:1  | Killed Aizul
 34944 | Snake:1  | Reached skill level 5 in Spellcasting
 35574 | Snake:1  | Found Nyogg's Distillery.
 36100 | Snake:1  | You fall into a shaft and drop 1 floor!
 36831 | Snake:2  | HP: 5/103 [salamander/+0 halberd (12)]
 36831 | Snake:2  | HP: 2/103 [salamander/+0 halberd (3)]
 37295 | Snake:2  | Reached XP level 16. HP: 37/109 MP: 6/25
 37944 | Snake:2  | Noticed a nagaraja
 37964 | Snake:2  | Killed a nagaraja
 39619 | Orc:2    | Bought a glowing glaive for 266 gold pieces
 39619 | Orc:2    | Bought an ancient war axe for 238 gold pieces
 39619 | Orc:2    | Identified the +5 war axe of Sequestration {venom, rN+
                  | Str-2 Dex+5} (You bought it in a shop on level 2 of the
                  | Orcish Mines)
 39906 | Snake:1  | Learned a level 4 spell: Olgreb's Toxic Radiance
 40086 | Snake:3  | Reached skill level 16 in Polearms
 40499 | Snake:3  | Found Socrasagi's Food Emporium.
 40917 | Snake:3  | Noticed Nikola
 41066 | Snake:3  | Killed Nikola
 41164 | Snake:3  | Noticed a nagaraja
 41166 | Snake:3  | Mangled by a naga warrior

Levels and vault maps discovered:
D:1:      lightli_arrival_statuegarden, layout_basic, minmay_3d_cube
D:2:      layout_loops_ring
D:3:      layout_loops_corners, uniq_ijyb, uniq_natasha, uniq_terence
D:4:      layout_loops_ring, first_ration, nrook_mini_backslash,
          xom_teletrap_fun, uniq_eustachio
D:5:      layout_basic, nicolae_qazlal_general_emergency,
          gammafunk_temple_overflow_pools, nicolae_ossuary_entry_giza
D:6:      layout_basic, old_standard_altar, minmay_temple_entry_statues_pillars,
          serial_shops, shop, minmay_stone_trees_medium
D:7:      layout_cave_pools, uniq_duvessa
D:8:      layout_basic, nemelex_altar_shiori, dpeg_lair_monsters, basic_altar,
          okawaru_metal_pillars_1_2
D:9:      layout_irregular_city, nicolae_tso_carved_into_rock
D:10:     kennysheep_steamy, layout_stronghold, erik_orc_4, serial_glass,
          glass_columns_c, glass_columns_a, enter_trove_2
D:11:     layout_roguey, gammafunk_ghost_cemetery
D:12:     layout_cave_pools, uniq_frances
D:13:     nooodl_glass_maze, layout_layer_cave, serial_bayou,
          serial_bayou_lagoon_a, serial_bayou_pond_d, serial_bayou_pond_e,
          serial_bayou_crossing, gammafunk_ghost_nasty_kobolds
D:14:     layout_stronghold, serial_ice, serial_ice_d, serial_ice_n,
          serial_ice_k, serial_ice_h, serial_ice_b, serial_ice_e, serial_ice_f,
          blue_anna_alchemist [blue_anna_fruit_fields, blue_anna_fruit_fields]
Temple:   regret_index_temple_sphere_string
Lair:1:   wad_woods_structure_01, layout_misc_corridors, beast_lair_carwin_7,
          serial_bayou_shore_a
Lair:2:   layout_loops_ring, serial_bayou_lake_a, grunt_megastairs_3,
          uniq_gastronok
Lair:3:   dragon1_lemuel, layout_chaotic_city, dummy_snake_entry,
          beast_lair_carwin_5, serial_bayou_shore_b, grunt_megastairs_2,
          lemuel_fruit_tree, uniq_fannar
Lair:4:   layout_cave_pods, minmay_shoals_entry_centaurs, lemuel_fruit_fields,
          serial_bayou_shore_b
Lair:5:   layout_concentric_octagons, minmay_slime_entry_oklob_open,
          infiniplex_staircase_pool_2
Lair:6:   guppyfry_lair_end_dragon, layout_cave_pods,
          hangedman_lair_caniforms_friends
Snake:1:  layout_misc_corridors, serial_shops, nicolae_shop_window_shopping,
          special_room, uniq_aizul
Snake:2:  layout_grid_shapes
Snake:3:  nicolae_cobra_stairs, layout_grid_maze, serial_shops, shop,
          nicolae_snake_salamander_stairs, uniq_nikola
Orc:1:    layout_diamond_mine, basic_altar
Orc:2:    grunt_orc_community_town_hall, layout_caves,
          grunt_orc_community_big_house_1, grunt_orc_community_big_house_2,
          grunt_orc_community_house_3, grunt_orc_community_house_1,
          grunt_orc_community_house_1, grunt_orc_community_house_2,
          grunt_orc_community_house_1, grunt_orc_community_house_1

Skill      XL: |  1  2  3  4  5  6  7  8  9 10 11 12 13 14 15 16 |
---------------+-------------------------------------------------+-----
Polearms       | 3 4 5 6 7 10 11 12 15 16 | 16.2
Fighting       | 5 6 8 10 | 10.0
Dodging        | 7 8 9 10 | 10.6
Shields        | 5 8 9 10 11 13 | 13.9
Poison Magic   | 7 9 |  9.3
Conjurations   | 1 |  1.4
Air Magic      | 3 |  3.2
Spellcasting   | 4 6 |  6.0
Invocations    | 5 6 |  6.5
Translocations | 1 |  1.7
Staves         | 2 |  2.6
Charms         | 2 |  2.6
Transmutations | 1 |  1.3
Ice Magic      | 1 |  1.3
Evocations     | 5 |  5.8

Action                   |  1- 3 |  4- 6 |  7- 9 | 10-12 | 13-15 | 16-18 || total
-------------------------+-------+-------+-------+-------+-------+-------++-------
Melee: Trident           |    79 |   150 |   226 |   301 |  1572 |   212 ||  2540
       Constrict         |    16 |    27 |    75 |    64 |   120 |    10 ||   312
       Tentacles         |    10 |    19 |    70 |   102 |   267 |    43 ||   511
       Spear             |       |       |   174 |   428 |     9 |       ||   611
       Glaive            |       |       |       |       |       |    32 ||    32
Throw: Dart              |       |       |     1 |    14 |     2 |       ||    17
 Cast: Poisonous Vapours |       |       |       |    13 |       |       ||    13
       Mephitic Cloud    |       |       |       |    16 |       |       ||    16
Invok: Recall Ancestor   |       |       |     5 |    11 |     8 |     2 ||    26
       Ancestor Identity |       |       |     1 |     1 |       |       ||     2
       Ancestor Life: Kn |       |       |       |     1 |       |       ||     1
       Transference      |       |       |       |     1 |     2 |     1 ||     4
       Idealise          |       |       |       |       |     3 |     1 ||     4
Evoke: Wand              |       |     1 |     8 |    13 |    11 |     3 ||    36
       Box of beasts     |       |       |       |       |     1 |       ||     1
  Use: Potion            |       |     1 |     2 |     9 |     8 |     2 ||    22
       Scroll            |       |       |     7 |    21 |     9 |     4 ||    41
 Stab: Sleeping          |     5 |    15 |    10 |     9 |    23 |     2 ||    64
       Confused          |       |       |       |    11 |       |       ||    11
       Distracted        |       |       |       |     4 |    13 |     4 ||    21
  Eat: Chunk             |     1 |     6 |    12 |    25 |    49 |     2 ||    95
       Ration            |       |       |     1 |     3 |     4 |     3 ||    11
Armor: Skin              |     4 |     7 |    12 |     6 |    27 |     2 ||    58
Dodge: Dodged            |    26 |    24 |   115 |   126 |   387 |    72 ||   750
Block: Shield            |    25 |    37 |   117 |   167 |   404 |    59 ||   809

Table legend:
 A = Non-vault XP
 B = Vault XP
 C = Vault XP percentage of total XP
 D = Non-vault monster count
 E = Vault monster count
 F = Vault count percentage of total count
                 A         B        C        D         E       F
            +---------+---------+-------+---------+---------+-------
      Total |  102092 |   56705 |  35.7 |     562 |     270 |  32.5
            +---------+---------+-------+---------+---------+-------
        D:1 |      48 |       4 |   7.7 |      21 |       3 |  12.5
        D:2 |      69 |       0 |   0.0 |      16 |       0 |   0.0
        D:3 |     268 |     109 |  28.9 |      34 |       3 |   8.1
        D:4 |     239 |     191 |  44.4 |      15 |       1 |   6.2
        D:5 |     710 |      20 |   2.7 |      22 |       3 |  12.0
        D:6 |     725 |       0 |   0.0 |      30 |       0 |   0.0
        D:7 |    1326 |    2846 |  68.2 |      25 |       5 |  16.7
        D:8 |     691 |     916 |  57.0 |      11 |      10 |  47.6
        D:9 |    1468 |       0 |   0.0 |      21 |       0 |   0.0
       D:10 |    2815 |     852 |  23.2 |      13 |      17 |  56.7
       D:11 |    7214 |    1828 |  20.2 |      43 |       2 |   4.4
       D:12 |    6380 |    2330 |  26.8 |      44 |       1 |   2.2
       D:13 |    3708 |    1216 |  24.7 |      14 |       6 |  30.0
       D:14 |    9067 |    2529 |  21.8 |      28 |      17 |  37.8
     Lair:1 |    4260 |    4468 |  51.2 |      18 |      16 |  47.1
     Lair:2 |    3438 |    3291 |  48.9 |      17 |       3 |  15.0
     Lair:3 |    2336 |    4757 |  67.1 |       9 |      10 |  52.6
     Lair:4 |    5474 |     341 |   5.9 |      27 |       3 |  10.0
     Lair:5 |    2954 |       0 |   0.0 |      15 |       0 |   0.0
     Lair:6 |    6096 |   13511 |  68.9 |      22 |      69 |  75.8
    Snake:1 |    7816 |    1588 |  16.9 |      16 |       1 |   5.9
    Snake:2 |   21270 |       0 |   0.0 |      42 |       0 |   0.0
    Snake:3 |    8248 |   10081 |  55.0 |      17 |      11 |  39.3
      Orc:1 |    2239 |      41 |   1.8 |      16 |       1 |   5.9
      Orc:2 |    3233 |    5609 |  63.4 |      26 |      72 |  73.5
    Ossuary |       0 |     177 | 100.0 |       0 |      16 | 100.0
            +---------+---------+-------+---------+---------+-------
